cohdb
Replays
Latest Replays
All Replays
Popular Replays
Top Player Replays
Match Explorer
How It Works
Community
CoH3 Stats
Reddit
Sign in to upload your games and track your stats! →
Sign in with Steam
Match 38533956
Unlisted
Match 38533956
Overview
Messages
Build Orders
End
Construct Barracks
Riflemen Squad
Riflemen Squad
Selects Advanced Infantry Battlegroup
Grenade Package
Riflemen Squad
Construct Medical Station
Selects Convert to Ranger Squad
Convert to Ranger Squad
Mechanized Support Center
Construct Weapon Support Center
Selects Artillery Observers
M16 Multiple Gun Motor Carriage
M1918 Browning Automatic Rifles
Selects Designate Assault Position
Bazooka Squad
Construct Motor Pool
M24 Chaffee Light Tank
Designate Forward Repair Station
Selects Infantry Assault
M1 Anti-tank Gun Team
Infantry Assault
Construct Tank Depot
M1 Anti-tank Gun Team
Infantry Assault
M4A1 Sherman Medium Tank
Selects M2A1 105mm Howitzer Emplacement
Selects 155mm Rapid Artillery Barrage
Engineer Squad
Infantry Assault
M4A1 Sherman Medium Tank
Engineer Squad
Improvised Armor
M4A1 76mm Conversion
Infantry Assault
最后一战
REGULATOR
0
0
Comments
sign in to comment!
No comments posted yet!